 Dungeon Crawl Stone Soup version 0.22.1-6-g1668fe2 (webtiles) character file.

193622 Kairos the Severer (level 18, -3/99 HPs)
             Began as a Vine Stalker Fighter on Jan 28, 2019.
             Was a High Priest of Okawaru.
             Slain by a merfolk impaler
             ... wielding a +0 demon trident of freezing
              (8 damage)
             ... on level 4 of the Shoals.
             The game lasted 01:33:04 (23330 turns).

Kairos the Severer (Vine Stalker Fighter)          Turns: 23330, Time: 01:33:05

Health: -3/99      AC: 23    Str: 29    XL:     18   Next: 27%
Magic:  0/22       EV: 20    Int:  8    God:    Okawaru [*****.]
Gold:   780        SH: 20    Dex: 23    Spells: 17/17 levels left

rFire    + . .     SeeInvis +   P - +5 broad axe (freeze)
rCold    . . .     Gourm    .   c - +1 shield
rNeg     . . .     Faith    .   R - +2 scale mail "Ifomp" {rPois Dex+5}
rPois    +         Spirit   +   u - +0 hat of Sunlight {rPois rC- Dex+3 SInv} (curse)
rElec    +         Reflect  +   N - +3 cloak of Weightlessness {rElec rF+}
rCorr    .         Harm     .   G - +2 pair of gloves {Str+3}
MR       ++...                  Y - +1 pair of boots {Fly}
Stlth    ++++......             W - +2 amulet of reflection
HPRegen  1.06/turn              L - +3 ring of slaying
MPRegen  0.18/turn              U - ring of protection from cold

@: about to teleport, heroism, flying, mesmerised
A: fangs 3, regeneration 2, magic shield, antimagic bite, no potion heal 3, rot
immunity
}: 1/15 runes: serpentine
a: Heroism, Finesse, Renounce Religion


You were on level 4 of the Shoals.
You worshipped Okawaru.
Okawaru was extremely pleased with you.
You were not hungry.

You visited 5 branches of the dungeon, and saw 25 of its levels.
You also visited: Ice Cave.

You collected 2477 gold pieces.
You spent 1697 gold pieces at shops.

Inventory:

Hand Weapons
 y - the +1 flail of Subjectivity {freeze, Str+2}
   (You found it in an ice cave)

   It has been specially enchanted to freeze those struck by it, causing extra
   injury to most foes and up to half again as much damage against particularly
   susceptible opponents.
   It can also slow down cold-blooded creatures.
   It affects your strength (+2).
 P - a +5 broad axe of freezing (weapon)
 S - a +3 eveningstar
Armour
 b - a scarf of cloud immunity
 c - a +1 shield (worn)
 u - the cursed +0 hat of Sunlight (worn) {rPois rC- Dex+3 SInv}
   (You found it in an ice cave)

   It affects your dexterity (+3).
   It makes you vulnerable to cold.
   It protects you from poison.
   It lets you see invisible.
   It has a curse placed upon it.
 F - a +1 chain mail of poison resistance
 G - a +2 pair of gloves of strength (worn)
 H - a +2 plate armour of fire resistance
 N - the +3 cloak of Weightlessness (worn) {rElec rF+}
   (Okawaru gifted it to you on level 2 of the Lair of Beasts)

   It protects you from fire.
   It insulates you from electricity.
 O - a +1 hat
 R - the +2 scale mail "Ifomp" (worn) {rPois Dex+5}
   (Okawaru gifted it to you on level 1 of the Snake Pit)

   It affects your dexterity (+5).
   It protects you from poison.
 Y - a +1 pair of boots of flying (worn)
Jewellery
 m - an uncursed ring of resist corrosion
 z - a +2 ring of dexterity
 B - an uncursed ring of protection from fire
 C - an uncursed ring of ice
 L - a +3 ring of slaying (left hand)
 U - a ring of protection from cold (right hand)
 W - a +2 amulet of reflection (around neck)
Wands
 a - a wand of clouds (8)
 r - a wand of scattershot (4)
 x - a wand of iceblast (41)
 V - a wand of acid (8)
Scrolls
 e - 3 scrolls of enchant armour
 g - 3 scrolls of fog
 l - 16 scrolls of remove curse
 q - 3 scrolls of teleportation
 s - 6 scrolls of magic mapping
 t - 2 scrolls of silence
 w - 5 scrolls of identify
 A - a scroll of blinking
 J - 5 scrolls of fear
 M - 5 scrolls of amnesia
 Q - a scroll of holy word
 X - a scroll of brand weapon
Potions
 d - 3 potions of might
 h - 7 potions of lignification
 i - 4 potions of ambrosia
 j - 6 potions of agility
 k - 5 potions of curing
 n - 4 potions of cancellation
 o - 4 potions of magic
 p - 3 potions of invisibility
 v - 3 potions of haste
 E - 7 potions of flight
 I - 2 potions of brilliance
Comestibles
 f - 32 rations


   Skills:
 + Level 12.7(17.7) Fighting
 + Level 18.1(23.2) Axes
 + Level 2.3(17.5) Maces & Flails
 + Level 10.0(15.0) Armour
 + Level 6.1(11.1) Dodging
 + Level 6.6(11.6) Stealth
 + Level 13.9(18.9) Shields
 + Level 4.3 Invocations


You had 17 spell levels left.
You didn't know any spells.
Your spell library contained the following spells:

 Spells                   Type           Power        Failure   Level  Hunger
 Animate Skeleton         Necr           N/A          58%         1    ##.....
 Corona                   Hex            #......      58%         1    ##.....
 Infusion                 Chrm           #...         58%         1    ##.....
 Pain                     Necr           #...         58%         1    ##.....
 Sting                    Conj/Pois      #...         58%         1    ##.....
 Poisonous Vapours        Pois/Air       #.....       73%         2    ###....
 Shroud of Golubria       Chrm/Tloc      #.........   73%         2    ###....
 Slow                     Hex            #.......     73%         2    ###....
 Song of Slaying          Chrm           #.......     73%         2    ###....
 Sublimation of Blood     Necr           #.........   73%         2    ###....
 Ignite Poison            Fire/Tmut/Pois #.......     91%         3    ####...
 Inner Flame              Hex/Fire       #.......     91%         3    ####...
 Mephitic Cloud           Conj/Pois/Air  #.......     91%         3    ####...
 Portal Projectile        Hex/Tloc       #.....       91%         3    ####...
 Regeneration             Chrm/Necr      #.........   91%         3    ####...
 Spectral Weapon          Hex/Chrm       #.......     91%         3    ####...
 Vampiric Draining        Necr           #.........   91%         3    ####...
 Animate Dead             Necr           N/A          100%        4    #####..
 Cause Fear               Hex            #.........   100%        4    #####..
 Leda's Liquefaction      Hex/Erth       #.........   100%        4    #####..
 Olgreb's Toxic Radiance  Pois           #.......     100%        4    #####..
 Petrify                  Tmut/Erth      #.......     100%        4    #####..
 Alistair's Intoxication  Tmut/Pois      #.......     100%        5    ######.
 Bolt of Magma            Conj/Fire/Erth #.........   100%        5    ######.
 Irradiate                Conj/Tmut      #.........   100%        5    ######.
 Iskenderun's Battlesphe  Conj/Chrm      #.......     100%        5    ######.
 Venom Bolt               Conj/Pois      #.........   100%        5    ######.
 Iron Shot                Conj/Erth      #.........   100%        6    #######
 Orb of Destruction       Conj           #.........   100%        7    #######
 Spellforged Servitor     Conj/Summ      #.........   100%        7    #######


Dungeon Overview and Level Annotations

Branches:
Dungeon (10/15)            Temple (1/1) D:7            Lair (6/6) D:10
 Shoals (4/4) Lair:4        Snake (4/4) Lair:3        Slime (0/5) Lair:5
    Orc (0/2) D:9

Altars:
Ashenzari
Cheibriados
Dithmenos
Elyvilon
Fedhas
Gozag
Hepliaklqana
Kikubaaqudgha
Makhleb
Nemelex Xobeh
Okawaru
Qazlal
Ru
Sif Muna
Trog
Uskayaw
Vehumet
Wu Jian
Xom
Yredelemnul
Zin
The Shining One

Shops:
D:7 [   D:10 ?   Shoals:1 =?   Shoals:3 ?   Shoals:4 !   Snake:1 ([?
Snake:3 ==}


Innate Abilities, Weirdness & Mutations

You have razor-sharp teeth.
You heal very quickly.
When hurt, damage is shared between your health and your magic reserves.
Your bite disrupts and absorbs the magic of your enemies.
Potions cannot restore your health.
You are immune to rotting.


Message History

Some deep water.
As you read the scroll of teleportation, it crumbles to dust.
You feel strangely unstable.
You block the merfolk impaler's attack. x2
The merfolk impaler completely misses you.
The merfolk siren chants its luring song.
The merfolk aquamancer misses you.
You fail to use your ability.
The merfolk impaler misses you.
You block the merfolk impaler's attack. x2
The merfolk impaler hits you but does no damage. x2
The merfolk impaler closely misses you.
You slice the merfolk impaler!! You freeze the merfolk impaler!
Your bite misses the merfolk impaler.
The merfolk impaler is heavily wounded.
You barely miss the merfolk aquamancer.
You block the merfolk aquamancer's attack.
The merfolk siren chants its luring song.
The merfolk impaler hits you with a demon trident of freezing!!
* * * LOW HITPOINT WARNING * * *
The merfolk impaler freezes you!
You die...

#,,*≈≈,*##.......≈≈≈≈≈≈≈≈≈≈≈≈≈≈≈≈
.###*###.........≈≈≈≈≈≈≈≈≈≈≈≈≈≈≈≈
.#≈###≈≈..........≈≈≈≈≈≈≈≈≈≈≈≈≈≈≈
..................≈≈≈≈≈≈≈≈≈≈≈≈≈≈≈
..................≈≈≈≈≈≈≈≈≈≈≈≈≈≈≈
..................≈≈≈≈≈≈≈≈≈≈≈≈≈≈≈
............#***≈#.≈§≈≈≈≈≈≈≈≈≈≈≈≈
≈..........#######§†≈≈≈≈≈≈≈≈≈≈≈≈≈
.........###,#mm@(##.≈≈≈≈≈≈≈≈≈≈≈≈
......<...#...Cm†)##.≈≈≈≈≈≈≈≈≈≈≈≈
.........###.#.#m###...≈≈≈≈≈≈≈≈≈≈
..........##≈.φwZY*#....≈≈≈≈≈≈≈≈≈
..........##≈#.#w###......≈≈≈≈≈≈≈
.≈........#≈≈.≈.m≈#≈.......≈≈≈≈≈≈
.......≈..##≈#,..###........≈≈≈≈≈
)......≈≈≈.#######..........≈≈≈≈≈
.......≈≈≈≈≈#≈####..........≈≈≈≈≈


You could see 3 merfolk impalers, a merfolk aquamancer, a cyclops, 2 tentacles,
a merfolk siren, a dream sheep and a kraken simulacrum.

Vanquished Creatures
  Gastronok (Lair:2)
  Kirke (Snake:3)
  3 krakens
  9 nagarajas
  The ghost of toffzen the Sharpshooter, an adept KoBe of Trog (Snake:2)
  Nessos (Lair:6)
  A dire elephant (Lair:6)
  2 blizzard demons (IceCv)
  Josephine (Shoals:1)
  A fire dragon (Lair:6)
  A merfolk javelineer (Shoals:1)
  4 merfolk impalers
  3 hydras
  2 catoblepae (Lair:6)
  A centaur warrior (D:9)
  6 merfolk avatars
  Erica (D:10)
  2 merfolk aquamancers (Shoals:2)
  5 anacondas (Snake:3)
  9 naga warriors
  2 two-headed ogres (D:9)
  A queen ant (Lair:2)
  An alligator snapping turtle (Shoals:2)
  2 shock serpents
  A dancing weapon (Snake:2)
  13 naga sharpshooters
  Urug (Lair:6)
  3 salamander mystics
  A fire crab (Lair:6)
  9 sea snakes
  5 naga ritualists
  A swamp dragon (Lair:6)
  37 harpies
  10 manticores
  A mana viper (Snake:4)
  2 cyclopes
  16 fauns
  10 salamanders
  Maurice (D:8)
  3 ice statues (IceCv)
  2 guardian serpents
  5 elephants (Lair:6)
  25 black mambas
  6 water nymphs
  Joseph (D:8)
  33 naga magi
  A gargoyle (D:10)
  6 spiny frogs
  4 merfolk sirens
  3 rime drakes
  7 komodo dragons
  An anaconda simulacrum (IceCv)
  10 ice devils (IceCv)
  A troll (D:10)
  11 polar bears
  5 wind drakes
  11 merfolk
  2 hornets
  A raiju (Lair:6)
  15 blink frogs
  10 dream sheep
  5 snapping turtles
  9 hippogriffs
  4 wraiths (Shoals:1)
  2 wyverns
  9 water elementals
  2 hogs (Snake:3)
  2 dire elephant simulacra (IceCv)
  37 yaks
  3 basilisks
  2 steam dragons (Lair:6)
  5 harpy simulacra (IceCv)
  2 hungry ghosts
  6 wargs (Lair:6)
  An acid dragon (Lair:6)
  53 nagas
  20 soldier ants
  14 water moccasins
  9 porcupines
  2 hydra simulacra (IceCv)
  14 hell hounds (Lair:6)
  2 eyes of draining (D:7)
  3 sky beasts
  3 phantoms
  A swamp drake (Lair:6)
  2 ice beasts (D:8)
  10 orc warriors
  4 ogres
  12 black bears
  A necrophage (D:10)
  28 wolves
  4 centaurs
  19 crocodiles
  16 bullfrogs
  A gnoll sergeant (D:6)
  3 scorpions
  4 wights (D:9)
  9 howler monkeys
  4 electric eels
  3 crimson imps (D:5)
  A quasit (D:7)
  2 bullfrog zombies
  3 jellies
  A centaur zombie (D:10)
  7 orc priests
  2 centaur skeletons
  8 hounds
  17 orc wizards
  Crazy Yiuf (D:2)
  2 bullfrog skeletons
  4 iguanas
  4 hell rats (Lair:6)
  28 worker ants
  A hound skeleton (D:5)
  A worker ant zombie (D:10)
  13 gnolls
  18 adders
  A howler monkey skeleton (D:10)
  A shadow imp (D:7)
  An ooze (D:5)
  4 adder zombies
  An adder skeleton (D:3)
  4 worms
  3 dart slugs
  7 leopard geckos
  42 orcs
  13 bats
  5 giant cockroaches
  4 goblins
  12 hobgoblins
  4 jackals (D:1)
  5 kobolds
  6 quokkas
  A ball python (D:4)
  9 frilled lizards
  2 quokka skeletons
  A quokka zombie (D:7)
  7 rats
  A butterfly (Lair:4)
  A fungus (Lair:2)
  4 plants
  10 tentacles
927 creatures vanquished.

Vanquished Creatures (others)
  A merfolk javelineer (Shoals:4)
  2 satyrs
  A manticore (Shoals:3)
  2 fauns
  A centaur (Shoals:4)
  An orc (D:4)
  A bush (Lair:1)
  2 fungi (Lair:6)
  25 plants
  9 tentacles
45 creatures vanquished.

Grand Total: 972 creatures vanquished

Notes
Turn   | Place    | Note
-------+----------+-------------------------------------------
     0 | D:1      | Kairos the Vine Stalker Fighter began the quest for the
                  | Orb.
     0 | D:1      | Reached XP level 1. HP: 11/11 MP: 2/2
    30 | D:1      | Reached XP level 2. HP: 14/16 MP: 3/3
   182 | D:1      | Reached skill level 2 in Axes
   210 | D:1      | Reached XP level 3. HP: 17/20 MP: 4/4
  1098 | D:2      | Gained mutation: Your natural rate of healing is unusually
                  | fast. [Vine Stalker growth]
  1098 | D:2      | Reached XP level 4. HP: 24/24 MP: 5/5
  1143 | D:2      | Found a shadowy altar of Dithmenos.
  1217 | D:2      | Found a runed door.
  1390 | D:2      | Reached skill level 3 in Axes
  1391 | D:2      | Found a hazy altar of Hepliaklqana.
  1661 | D:2      | Noticed Crazy Yiuf
  1662 | D:2      | Killed Crazy Yiuf
  1662 | D:2      | Reached XP level 5. HP: 28/28 MP: 6/6
  2446 | D:4      | Noticed a phantom
  2487 | D:4      | Killed a phantom
  2487 | D:4      | Reached skill level 4 in Axes
  2487 | D:4      | Reached XP level 6. HP: 19/32 MP: 5/7
  2714 | D:4      | Reached XP level 7. HP: 29/36 MP: 8/8
  2722 | D:4      | Got a distressingly furry leather armour
  2733 | D:4      | Identified the +1 leather armour of a bazaar {MP+9 Int+2}
                  | (You found it on level 4 of the Dungeon)
  2868 | D:4      | Reached skill level 5 in Axes
  3368 | D:5      | Entered Level 5 of the Dungeon
  3717 | D:5      | Reached skill level 1 in Dodging
  3886 | D:5      | Gained mutation: You have razor-sharp teeth. [Vine Stalker
                  | growth]
  3886 | D:5      | Reached XP level 8. HP: 39/42 MP: 9/9
  4174 | D:5      | Reached skill level 6 in Axes
  4422 | D:6      | Reached skill level 5 in Shields
  4424 | D:6      | Reached skill level 7 in Axes
  4442 | D:6      | Found a shadowy altar of Dithmenos.
  4610 | D:6      | Reached XP level 9. HP: 29/46 MP: 10/10
  5321 | D:7      | Found a blossoming altar of Fedhas.
  5388 | D:7      | Found a staircase to the Ecumenical Temple.
  5404 | D:7      | Reached skill level 5 in Fighting
  5418 | Temple   | Entered the Ecumenical Temple
  5427 | Temple   | Became a worshipper of Warmaster Okawaru
  5482 | D:7      | Found Acu Qadoss's Armour Shoppe.
  5485 | D:7      | Bought a +0 chain mail of poison resistance for 102 gold
                  | pieces
  5485 | D:7      | Bought a +1 pair of gloves of strength for 198 gold pieces
  5520 | D:7      | Noticed a hornet
  5525 | D:7      | Killed a hornet
  5525 | D:7      | Reached skill level 8 in Axes
  5695 | D:7      | Reached * piety under Okawaru
  5709 | D:7      | Found a bloodstained altar of Trog.
  5874 | D:8      | Noticed Joseph
  5884 | D:8      | Killed Joseph
  5884 | D:8      | Reached XP level 10. HP: 32/53 MP: 11/11
  5924 | D:8      | Reached skill level 9 in Axes
  6063 | D:7      | Reached ** piety under Okawaru
  6081 | D:8      | Noticed Maurice
  6103 | D:8      | Killed Maurice
  6104 | D:8      | Noticed Erica
  6145 | D:8      | Reached skill level 5 in Armour
  6483 | D:8      | Found a radiant altar of Vehumet.
  6521 | D:8      | Reached *** piety under Okawaru
  6807 | D:9      | Noticed a centaur warrior
  6818 | D:9      | Killed a centaur warrior
  6818 | D:9      | Received a gift from Okawaru
  6818 | D:9      | Reached skill level 10 in Axes
  6828 | D:9      | Noticed a two-headed ogre
  6835 | D:9      | Killed a two-headed ogre
  6835 | D:9      | Reached **** piety under Okawaru
  6835 | D:9      | Reached XP level 11. HP: 51/58 MP: 8/12
  7389 | D:9      | Noticed a two-headed ogre
  7396 | D:9      | Killed a two-headed ogre
  7396 | D:9      | Reached skill level 11 in Axes
  7724 | D:9      | Reached skill level 1 in Invocations
  7772 | D:9      | Found a staircase to the Orcish Mines.
  7856 | D:10     | Entered Level 10 of the Dungeon
  7856 | D:10     | Found Orrajaerph's Magic Scroll Emporium.
  7882 | D:10     | Bought a scroll of enchant weapon for 120 gold pieces
  8161 | D:10     | Received a gift from Okawaru
  8259 | D:10     | Found a staircase to the Lair.
  8366 | D:10     | Killed Erica
  8366 | D:10     | Reached skill level 1 in Stealth
  8771 | Lair:1   | Entered Level 1 of the Lair of Beasts
  8809 | Lair:1   | Reached skill level 12 in Axes
  8813 | Lair:1   | Reached ***** piety under Okawaru
  8813 | Lair:1   | Gained mutation: You heal very quickly. [Vine Stalker
                  | growth]
  8813 | Lair:1   | Reached XP level 12. HP: 52/63 MP: 11/14
  9636 | Lair:2   | Noticed Gastronok
  9650 | Lair:2   | Killed Gastronok
  9650 | Lair:2   | Received a gift from Okawaru
  9653 | Lair:2   | Got a warped cloak {god gift}
  9671 | Lair:2   | Identified the +3 cloak of Weightlessness {rElec rF+}
                  | (Okawaru gifted it to you on level 2 of the Lair of Beasts)
  9866 | Lair:2   | Noticed a queen ant
  9885 | Lair:2   | Killed a queen ant
  9885 | Lair:2   | Reached skill level 13 in Axes
 10498 | Lair:2   | Reached XP level 13. HP: 69/69 MP: 12/15
 10900 | Lair:3   | Found a staircase to the Snake Pit.
 10956 | Lair:3   | Found a sacrificial altar of Ru.
 11253 | Snake:1  | Entered Level 1 of the Snake Pit
 11927 | Lair:4   | Reached skill level 1 in Maces & Flails
 12273 | Lair:4   | Found a staircase to the Shoals.
 12279 | Lair:4   | Received a gift from Okawaru
 12704 | Lair:5   | Found a staircase to the Slime Pits.
 12806 | Lair:5   | Reached skill level 14 in Axes
 13184 | Lair:6   | Entered Level 6 of the Lair of Beasts
 13379 | Lair:6   | Noticed Nessos
 13396 | Lair:6   | Killed Nessos
 13396 | Lair:6   | Reached XP level 14. HP: 75/75 MP: 16/16
 14002 | Lair:6   | Noticed a dire elephant
 14020 | Lair:6   | Killed a dire elephant
 14020 | Lair:6   | Received a gift from Okawaru
 14035 | Lair:6   | Reached skill level 15 in Axes
 14095 | Lair:6   | Noticed Urug
 14103 | Lair:6   | Killed Urug
 14113 | Lair:6   | Reached skill level 10 in Shields
 14136 | Lair:6   | Reached skill level 10 in Fighting
 15228 | Snake:1  | Found Aptir's Antique Armour Boutique.
 15236 | Snake:1  | Bought an ancient chain mail for 209 gold pieces
 15246 | Snake:1  | Identified the +1 chain mail of the Bells {+Inv rCorr Str-5
                  | Stlth+} (You bought it in a shop on level 1 of the Snake
                  | Pit)
 15275 | Snake:1  | Reached XP level 15. HP: 68/80 MP: 18/18
 15277 | Snake:1  | Found Lilesoil's Magic Scroll Emporium.
 15285 | Snake:1  | Bought a scroll of brand weapon for 280 gold pieces
 15535 | Snake:1  | Found Qyatoent's Weapon Shoppe.
 15568 | Snake:1  | Received a gift from Okawaru
 15571 | Snake:1  | Got a brightly glowing scale mail {god gift}
 15582 | Snake:1  | Identified the +2 scale mail "Ifomp" {rPois Dex+5} (Okawaru
                  | gifted it to you on level 1 of the Snake Pit)
 16235 | Snake:2  | Found a runed door.
 16235 | Snake:2  | Found a shimmering altar of Xom.
 16235 | Snake:2  | Noticed toffzen's ghost (adept KoBe)
 16266 | Snake:2  | Killed toffzen's ghost
 16278 | Snake:2  | Got a warped executioner's axe {chaos}
 16330 | Snake:2  | Reached skill level 16 in Axes
 16499 | Snake:2  | Identified the +7 executioner's axe of the Absolute Madman
                  | {chaos, Stlth+} (You subdued it on level 2 of the Snake
                  | Pit)
 16748 | Snake:3  | Reached ****** piety under Okawaru
 16748 | Snake:3  | Received a gift from Okawaru
 17260 | Snake:3  | Noticed Kirke
 17273 | Snake:3  | Killed Kirke
 17273 | Snake:3  | Reached XP level 16. HP: 87/87 MP: 19/19
 17280 | Snake:3  | Noticed a nagaraja
 17290 | Snake:3  | Killed a nagaraja
 17321 | Snake:3  | Noticed a nagaraja
 17328 | Snake:3  | Killed a nagaraja
 17754 | Snake:3  | Found Atyghum's Jewellery Emporium.
 17755 | Snake:3  | Found Jyuneceg's Gadget Boutique.
 17757 | Snake:3  | Found Uboemua's Jewellery Emporium.
 17790 | Snake:3  | Bought a +2 amulet of reflection for 112 gold pieces
 17862 | Snake:4  | Entered Level 4 of the Snake Pit
 18375 | Snake:4  | Reached skill level 5 in Stealth
 18376 | Snake:4  | Noticed a nagaraja
 18384 | Snake:4  | Killed a nagaraja
 18668 | Snake:4  | Received a gift from Okawaru
 18730 | Snake:4  | Noticed a nagaraja
 18818 | Snake:4  | Noticed a nagaraja
 18854 | Snake:4  | Killed a nagaraja
 18862 | Snake:4  | Noticed a nagaraja
 18927 | Snake:4  | Killed a nagaraja
 18939 | Snake:4  | Reached skill level 5 in Dodging
 19003 | Snake:4  | Noticed a nagaraja
 19053 | Snake:4  | Killed a nagaraja
 19069 | Snake:4  | Noticed a nagaraja
 19149 | Snake:4  | Reached skill level 17 in Axes
 19151 | Snake:4  | Killed a nagaraja
 19156 | Snake:4  | Killed a nagaraja
 19202 | Snake:4  | Noticed a nagaraja
 19209 | Snake:4  | Killed a nagaraja
 19283 | Snake:4  | Got a serpentine rune of Zot
 19653 | Shoals:1 | Entered Level 1 of the Shoals
 19669 | Shoals:1 | Found Qoej's Magic Scroll Emporium.
 19764 | Shoals:1 | Noticed a kraken
 19800 | Shoals:1 | Killed a kraken
 20033 | Shoals:1 | Found Kihuriq's Jewellery Shop.
 20035 | Shoals:1 | Noticed Josephine
 20055 | Shoals:1 | Killed Josephine
 20055 | Shoals:1 | Reached XP level 17. HP: 78/93 MP: 20/20
 20605 | Shoals:2 | Received a gift from Okawaru
 20628 | Shoals:2 | Identified the +2 ring mail of Vlad {rCorr} (Okawaru gifted
                  | it to you on level 2 of the Shoals)
 21880 | Shoals:3 | Found Malemodo's Magic Scroll Emporium.
 21895 | Shoals:3 | Received a gift from Okawaru
 21950 | Shoals:3 | Bought a scroll of acquirement for 676 gold pieces
 22047 | Shoals:3 | Noticed a kraken
 22058 | Shoals:3 | Killed a kraken
 22340 | Shoals:4 | Entered Level 4 of the Shoals
 22349 | Shoals:4 | Noticed a kraken
 22364 | Shoals:4 | Killed a kraken
 22364 | Shoals:4 | Reached skill level 18 in Axes
 22364 | Shoals:4 | Reached skill level 10 in Armour
 22399 | Shoals:4 | Found Iheow's Distillery.
 22424 | Shoals:4 | Found a frozen archway.
 22441 | IceCv    | Entered an ice cave
 22614 | IceCv    | Reached XP level 18. HP: 97/98 MP: 22/22
 22721 | IceCv    | Got a slimy hat
 22732 | IceCv    | Identified the cursed +0 hat of Sunlight {rPois rC- Dex+3
                  | SInv} (You found it in an ice cave)
 22738 | IceCv    | Got a crystal flail
 22739 | IceCv    | Identified the +1 flail of Subjectivity {freeze, Str+2}
                  | (You found it in an ice cave)
 23330 | Shoals:4 | Slain by a merfolk impaler

Skill      XL: |  1  2  3  4  5  6  7  8  9 10 11 12 13 14 15 16 17 18 |
---------------+-------------------------------------------------------+-----
Shields        | 3 4 5 6 7 8 9 10 11 12 13 | 13.9
Fighting       | 3 4 5 6 7 8 9 10 11 12 | 12.7
Axes           | 2 3 4 5 7 8 10 12 13 14 15 16 17 18 | 18.1
Armour         | 3 4 5 6 7 8 9 10 | 10.0
Dodging        | 1 2 3 4 5 6 |  6.1
Invocations    | 1 2 3 4 |  4.3
Stealth        | 1 2 4 5 6 |  6.6
Maces & Flails | 2 |  2.3

Action                   |  1- 3 |  4- 6 |  7- 9 | 10-12 | 13-15 | 16-18 || total
-------------------------+-------+-------+-------+-------+-------+-------++-------
Melee: War axe           |    76 |   151 |   287 |   448 |       |       ||   962
       Bite              |    17 |    43 |   100 |   169 |   308 |   318 ||   955
       Broad axe         |       |       |       |    38 |   730 |   634 ||  1402
       Flail             |       |       |       |       |    14 |       ||    14
       Executioner's axe |       |       |       |       |     5 |       ||     5
Invok: Heroism           |       |       |     1 |    22 |    36 |    36 ||    95
Evoke: Wand              |       |     1 |       |       |       |       ||     1
  Use: Scroll            |     5 |       |     4 |     2 |    21 |    10 ||    42
       Potion            |       |       |       |     7 |       |       ||     7
 Stab: Confused          |       |       |       |       |     2 |       ||     2
       Petrified         |       |       |       |       |    11 |       ||    11
       Petrifying        |       |       |       |       |     2 |       ||     2
       Sleeping          |       |       |       |       |     1 |    10 ||    11
       Distracted        |       |       |       |       |       |     1 ||     1
       Held in net/web   |       |       |       |       |       |     2 ||     2
  Eat: Chunk             |       |     4 |     9 |    13 |    12 |     6 ||    44
       Ration            |       |     1 |       |     1 |     3 |     5 ||    10
Armor: Scale mail        |    41 |    69 |     5 |       |    42 |   160 ||   317
       Leather armour    |       |       |    42 |       |       |       ||    42
       Chain mail        |       |       |    24 |   153 |   210 |       ||   387
       Skin              |       |       |       |     3 |       |       ||     3
Dodge: Dodged            |    27 |    39 |   108 |   119 |   279 |   242 ||   814
Block: Shield            |    41 |    74 |   176 |   229 |   497 |   565 ||  1582
       Reflection        |       |       |       |       |       |    83 ||    83
